 Dungeon Crawl Stone Soup version 0.31-a0-190-g4feb4907b2 (webtiles) character file.

Game seed: 12335090477804175755

612 qw the Skirmisher (level 7, -12/40 HPs)
             Began as a Deep Elf Hunter on June 23, 2023.
             Mangled by an ogre
             ... wielding a +0 giant club
              (14 damage)
             ... on level 6 of the Dungeon.
             The game lasted 00:01:27 (4046 turns).

qw the Skirmisher (Deep Elf Hunter)                 Turns: 4046, Time: 00:01:27

Health: -12/40     AC: 12    Str: 10    XL:     7   Next: 20%
Magic:  9/9        EV: 11    Int: 14    God:
Gold:   285        SH:  0    Dex: 18    Spells: 6/6 levels left

rFire   . . .        Y - +0 shortbow
rCold   + . .        (shield currently unavailable)
rNeg    . . .        m - +2 ring mail {Will+}
rPois   .            a - +0 helmet
rElec   .            (no cloak)
rCorr   .            (no gloves)
SInv    .            (no boots)
Will    +....        (no amulet)
Stlth   +            f - ring of protection from cold
HPRegen 0.26/turn    g - +4 ring of protection
MPRegen 0.11/turn

%: no passive effects
@: about to teleport
A: no striking features
a: no special abilities


You were on level 6 of the Dungeon.
You visited 1 branch of the dungeon, and saw 6 of its levels.

You collected 285 gold pieces.


   Skills:
 - Level 2.1 Fighting
 + Level 10.7 Ranged Weapons
 - Level 1.3 Armour
 - Level 3.0 Dodging
 - Level 1.2 Stealth


You had 6 spell levels left.
You didn't know any spells.
Your spell library was empty.

Inventory:

Hand Weapons
 Y - a +0 shortbow (weapon)
Armour
 a - a +0 helmet (worn)
 m - a +2 ring mail of willpower (worn)
Jewellery
 f - a ring of protection from cold (left hand)
 g - a +4 ring of protection (right hand)
 n - a ring of positive energy
Scrolls
 d - a scroll of identify
Potions
 b - a potion of mutation {unknown}
 c - a potion of might
 e - 2 potions of heal wounds
 h - a potion of curing
 j - a potion of lignification {unknown}
 k - a potion of enlightenment
 l - a potion of berserk rage {unknown}
 o - a potion of haste {unknown}

Dungeon Overview and Level Annotations

Branches:
Dungeon (6/15)
 Temple: D:4-7

Altars:
Ru


Message History

The scorpion stings you but does no damage.
You shoot an arrow. The arrow closely misses the scorpion.
The scorpion closely misses you.
You shoot an arrow. The arrow hits the scorpion.
The scorpion is severely wounded.
The scorpion closely misses you. The scorpion stings you.
You are poisoned.
The scorpion poisons you!
You shoot an arrow. The arrow hits the scorpion!
You kill the scorpion!
You feel very sick.
You start resting.
You feel sick. x8
You are no longer poisoned.
HP restored.
Found a stone staircase leading down.
An ogre comes into view. It is wielding a +0 giant club.
Found a short bone wand.
The ogre shouts!
You shoot an arrow. The arrow barely misses the ogre.
You shoot an arrow. The arrow barely misses the ogre.
You shoot an arrow. The arrow hits the ogre.
The ogre is lightly wounded.
You shoot an arrow.
The arrow hits the ogre but does no damage.
The ogre is lightly wounded.
The ogre hits you with a +0 giant club!
You shoot an arrow. The arrow barely misses the ogre.
The ogre hits you with a +0 giant club.
You shoot an arrow. The arrow hits the ogre.
The ogre is moderately wounded.
You shoot an arrow. The arrow hits the ogre!
The ogre is heavily wounded.
The ogre hits you with a +0 giant club!!
Ouch! That really hurt!
4046 ||| READING scroll of teleportation.
As you read the scroll of teleportation, it crumbles to dust.
You feel strangely unstable. The ogre hits you with a +0 giant club!
You die...

.. .# ..## ###.># ##
#../.. ...
##########.##.# #..#
#.......##.##O#...#
#.......##.##@..#
#.......##.#.^#####
#...........>.......
#..)....##.##.######
#.....<.#..##.#
###.#####..##.. #
..####.. .#. #. #.#.
#.


You could see an ogre.

Vanquished Creatures
  An ogre (D:4)
  A phantom (D:5)
  3 scorpions
  A hound (D:5)
  3 iguanas (D:5)
  Natasha (thrice) (D:4)
  Robin (D:4)
  2 adders
  2 worms
  A dart slug (D:1)
  An orc (D:5)
  2 ball pythons (D:2)
  8 endoplasms
  2 giant cockroaches (D:1)
  15 goblins
  8 hobgoblins
  6 quokkas
  7 bats
  A frilled lizard (D:1)
  3 kobolds
  9 rats
80 creatures vanquished.

Notes
Turn   | Place    | Note
-------+----------+-------------------------------------------
     0 | D:1      | qw the Deep Elf Hunter began the quest for the Orb.
     0 | D:1      | Reached XP level 1. HP: 12/12 MP: 3/3
     0 | D:1      | 0 ||| qw: Version: 0.3-a-9-g12657ce
     0 | D:1      | 0 ||| qw: Game counter: 4504
     0 | D:1      | 0 ||| qw: Always use a shield: true
     0 | D:1      | 0 ||| qw: God list: Okawaru
     0 | D:1      | 0 ||| qw: Allow faded altars: false
     0 | D:1      | 0 ||| qw: Do Orc after D:15 true
     0 | D:1      | 0 ||| qw: Do second Lair branch before Depths: true
     0 | D:1      | 0 ||| qw: Lair rune preference: random
     0 | D:1      | 0 ||| qw: Plans: Normal
     0 | D:1      | 0 ||| PLANNING D:1-11
   202 | D:1      | 202 ||| FLEEEEING.
   212 | D:1      | Reached XP level 2. HP: 16/16 MP: 4/4
   262 | D:1      | Reached skill level 6 in Ranged Weapons
   710 | D:1      | 710 ||| READING scroll labelled AGUCUURAQU.
   711 | D:1      | 711 ||| READING scroll labelled BOGEDELEUM.
   712 | D:1      | 712 ||| READING scroll labelled CEGUYPR TIKIAK.
   713 | D:1      | 713 ||| READING scroll labelled NEUSOTW ANLUI.
   744 | D:1      | 744 ||| DRINKING 2 grey potions.
   745 | D:1      | 745 ||| DROPPING scroll of butterflies.
   746 | D:1      | 746 ||| DROPPING potion of attraction.
   912 | D:2      | Reached XP level 3. HP: 20/20 MP: 5/5
  1057 | D:2      | Reached skill level 7 in Ranged Weapons
  1348 | D:2      | 1348 ||| UPGRADING to +0 helmet.
  1353 | D:2      | 1353 ||| UPGRADING to +0 ring mail.
  1363 | D:2      | 1363 ||| DROPPING +0 leather armour.
  1364 | D:2      | 1364 ||| UPGRADING to ring of protection from cold.
  1474 | D:3      | You fall into a shaft and drop 2 floors!
  1474 | D:5      | Entered Level 5 of the Dungeon
  1483 | D:5      | 1483 ||| DRINKING 2 fuming black potions.
  1519 | D:4      | Noticed Natasha
  1526 | D:4      | Killed Natasha
  1527 | D:4      | Reached XP level 4. HP: 25/25 MP: 6/6
  1646 | D:4      | 1646 ||| UPGRADING to +4 ring of protection.
  2472 | D:3      | 2472 ||| READING scroll labelled WAV ATHARAMI.
  2473 | D:3      | 2473 ||| DRINKING 2 inky potions.
  2474 | D:3      | 2474 ||| DRINKING 2 bubbling green potions.
  2475 | D:3      | 2475 ||| READING 2 scrolls of identify.
  2475 | D:3      | 2475 ||| IDENTIFYING black potion
  2551 | D:4      | Reached skill level 8 in Ranged Weapons
  2576 | D:4      | Noticed an ogre
  2582 | D:4      | Killed an ogre
  2583 | D:4      | Reached XP level 5. HP: 21/29 MP: 7/7
  2585 | D:4      | 2585 ||| FLEEEEING.
  2586 | D:4      | 2586 ||| FLEEEEING.
  2596 | D:4      | 2596 ||| STAIRDANCE
  2614 | D:3      | 2614 ||| READING 2 scrolls of identify.
  2614 | D:3      | 2614 ||| IDENTIFYING golden potion
  2615 | D:3      | 2615 ||| DROPPING potion of magic.
  2650 | D:4      | Found a sacrificial altar of Ru.
  2809 | D:4      | Noticed Robin
  2820 | D:4      | Noticed Natasha
  2825 | D:4      | Reached skill level 9 in Ranged Weapons
  2825 | D:4      | Killed Robin
  2832 | D:4      | Killed Natasha
  2977 | D:4      | 2977 ||| UPGRADING to +2 ring mail of willpower.
  2978 | D:4      | Noticed Natasha
  2980 | D:4      | 2980 ||| UPGRADING to +2 ring mail of willpower.
  2986 | D:4      | Killed Natasha
  2987 | D:4      | Reached skill level 3 in Dodging
  3011 | D:4      | 3011 ||| UPGRADING to +0 ring mail.
  3016 | D:4      | 3016 ||| UPGRADING to +2 ring mail of willpower.
  3026 | D:4      | 3026 ||| DROPPING +0 ring mail.
  3029 | D:4      | 3029 ||| READING scroll labelled WEOTHU QE ONUQ.
  3130 | D:4      | 3130 ||| READING scroll labelled FURHIR HIOSHRUO.
  3168 | D:5      | Noticed a phantom
  3188 | D:5      | Killed a phantom
  3189 | D:5      | Reached XP level 6. HP: 24/35 MP: 8/8
  3384 | D:5      | Reached skill level 10 in Ranged Weapons
  3503 | D:5      | Reached skill level 1 in Armour
  3590 | D:5      | Reached XP level 7. HP: 35/40 MP: 9/9
  3907 | D:5      | 3907 ||| DROPPING ring of flight.
  3908 | D:5      | 3908 ||| READING scroll labelled LISIAD USIR.
  3909 | D:5      | 3909 ||| READING 2 scrolls labelled WONGISAPR REST.
  3912 | D:5      | 3912 ||| READING 3 scrolls labelled ZESKOO UNOMIMIV.
  3913 | D:5      | 3913 ||| DROPPING 2 scrolls of vulnerability.
  4045 | D:6      | HP: 2/40 [ogre/+0 giant club (23)]
  4046 | D:6      | 4046 ||| READING scroll of teleportation.
  4046 | D:6      | Mangled by an ogre

Levels and vault maps discovered:
D:1:      reono_arrival_mine, layout_basic
D:2:      layout_loops_cross, minmay_tetromino_o2
D:3:      layout_basic
D:4:      layout_rooms, kennysheep_mini, uniq_natasha, uniq_robin
D:5:      layout_loops_ring
D:6:      layout_rooms, nicolae_gozag_conspicuous_consumption,
          hellmonk_ghost_happy_afterlife, serial_shops, shop,
          minmay_lizard_king, uniq_duvessa

Skill      XL: |  1  2  3  4  5  6 |
---------------+-------------------+-----
Ranged Weapons | 6 7 8 9 10 | 10.7
Fighting       | 2 |  2.1
Dodging        | 3 |  3.0
Armour         | 1 |  1.3
Stealth        | |  1.2

Action                     |  1- 3 |  4- 6 |  7- 9 || total
---------------------------+-------+-------+-------++-------
   Fire: Shortbow          |   128 |   145 |    28 ||   301
    Use: Scroll            |     4 |     5 |     4 ||    13
         Potion            |     2 |     2 |       ||     4
 Armour: Leather armour    |     6 |       |       ||     6
         Ring mail         |     1 |    74 |     6 ||    81
  Dodge: Dodged            |    14 |    60 |     4 ||    78

Table legend:
 A = Non-vault XP
 B = Vault XP
 C = Vault XP percentage of total XP
 D = Non-vault monster count
 E = Vault monster count
 F = Vault count percentage of total count
                 A         B        C        D         E       F
            +---------+---------+-------+---------+---------+-------
      Total |     805 |      70 |   8.0 |      67 |      13 |  16.2
            +---------+---------+-------+---------+---------+-------
        D:1 |      31 |       0 |   0.0 |      18 |       0 |   0.0
        D:2 |      40 |       2 |   4.8 |      18 |       1 |   5.3
        D:3 |      38 |       0 |   0.0 |      13 |       0 |   0.0
        D:4 |     191 |      68 |  26.3 |       9 |      12 |  57.1
        D:5 |     425 |       0 |   0.0 |       8 |       0 |   0.0
        D:6 |      80 |       0 |   0.0 |       1 |       0 |   0.0
            +---------+---------+-------+---------+---------+-------
